Zazza, neutral female human Tourist @ Zazza the Peregrinatrix Experience level: 12 Strength: 18/30 Dexterity: 16 Constitution: 18 Intelligence: 12 Wisdom: 13 Charisma: 15 Health: 0(104) Energy: 52(52) Def: 16 Gold: 0 Moves: 26467 Dungeon seed: NczkmNo7SY1mMixt Game ID: Zazza_1533037361 Your Inventory: Amulets R - an uncursed amulet of reflection (being worn) Weapons d - 2 +0 elven daggers (wielded) A - a blessed +1 dagger E - 9 +0 daggers (in quiver) Armor g - an uncursed +0 gray dragon scale mail (being worn) v - an uncursed +0 elven shield (being worn) H - an uncursed +0 Hawaiian shirt (being worn) K - a blessed +0 dwarvish iron helm (being worn) T - an uncursed +0 pair of leather gloves (being worn) X - an uncursed +0 cloak of invisibility (being worn) Y - an uncursed +0 pair of elven boots (being worn) Comestibles B - 2 uncursed K-rations F - 2 uncursed food rations J - an uncursed lizard corpse P - 2 uncursed tripe rations S - an uncursed partly eaten lizard corpse Potions f - a cursed potion of fruit juice i - an uncursed potion of levitation C - a blessed potion of extra healing Rings e - a cursed ring of polymorph n - an uncursed ring of teleport control w - an uncursed ring of searching x - an uncursed ring of slow digestion (on right hand) G - an uncursed ring of regeneration (on left hand) Wands q - a wand of magic missile (0:5) D - a wand of create monster (0:12) I - a wand of slow monster (0:7) L - a wand of light (0:11) O - a wand of teleportation (0:3) U - a wand of lightning (0:0) W - a wand of light (0:13) Tools k - an uncursed skeleton key m - an uncursed mirror o - an uncursed stethoscope r - an expensive camera (0:54) s - an uncursed magic whistle t - an uncursed towel u - a +0 unicorn horn z - a blessed bag of holding Gems N - an uncursed amethyst stone Z - an uncursed luckstone Contents of the bag of holding: 1114 gold pieces 4 blessed +2 daggers 23 blessed +2 darts a blessed +1 dwarvish cloak an uncursed +0 mummy wrapping 13 uncursed C-rations 11 uncursed K-rations 9 uncursed food rations 2 uncursed lizard corpses 9 uncursed lumps of royal jelly 2 uncursed pancakes 3 uncursed tripe rations an uncursed scroll of amnesia a cursed scroll of enchant armor an uncursed scroll of fire an uncursed potion of gain level a cursed potion of levitation an uncursed potion of object detection an uncursed bugle an uncursed bugle an uncursed oil lamp (0:1141) a +0 pick-axe 5 uncursed partly used tallow candles (0:111) a tinning kit (0:66) an uncursed worthless piece of red glass Spells and supernatural/magical abilities: Name Level Category Fail Memory d - dig 5 matter 100% 55% m - magic missile 2 attack 100% 35% r - remove curse 3 clerical 100% 33% W - pray for help -- divine ? -- Your skills at the end: Fighting Skills bare handed combat [Skilled] Weapon Skills dagger [Expert] dart [Basic] Spellcasting Skills Final Attributes: You were piously aligned. You were cold resistant. You were sleep resistant. You were shock resistant. You were poison resistant. You were magic-protected. You were telepathic. You had automatic searching. You were invisible. You were stealthy. You were swallowed by an air elemental. You had slower digestion. You regenerated. You were fast. You had reflection. You were lucky. You had extra luck. Bad luck did not time out for you. Good luck did not time out for you. You are dead. Vanquished creatures: a storm giant a gray dragon a titanothere a baby yellow dragon a vampire lord a lurker above a frost giant an ettin 2 golden nagas a vampire a ghost 2 lieutenants a queen bee 2 giant mimics 2 ogre kings a flesh golem a doppelganger 4 large mimics 5 stalkers 2 air elementals 2 fire elementals 3 earth elementals a hill giant a giant mummy 2 black nagas 3 giant zombies an elf-lord 7 sergeants 10 wargs a winter wolf 8 small mimics 2 glass piercers 2 ettin mummies 3 ogre lords a quantum mechanic 5 trolls a sasquatch 2 gelatinous cubes 2 pyrolisks 2 freezing spheres 2 flaming spheres 2 shocking spheres a large cat 2 tigers 3 gargoyles 3 dwarf kings a tengu 2 ochre jellies 2 leocrottas 3 mountain centaurs 3 stone giants a human mummy a red naga a pit viper 3 wraiths 2 leather golems 8 Grey-elves 24 soldiers a chameleon a crocodile 3 giant beetles a quivering blob 6 cockatrices 11 wolves 2 winter wolf cubs 2 gremlins 2 leprechauns an orc-captain a mumak a giant spider a scorpion a horse an ice vortex 3 black lights 2 vampire bats a forest centaur 8 gnome kings an orc mummy 3 ogres 3 rust monsters 4 owlbears 2 yetis a gold golem 3 werewolves a Green-elf 5 lizards a guide 3 chickatrices a dog 2 dingos 2 housecats 7 jaguars 4 dwarf lords 2 blue jellies a white unicorn 2 black unicorns 5 dust vortices a raven 2 plains centaurs a gnome mummy 2 snakes 4 apes 3 human zombies a rope golem 7 soldier ants 3 fire ants 13 bugbears an imp a quasit 2 wood nymphs 2 water nymphs 3 mountain nymphs a Mordor orc 6 Uruk-hai an orc shaman 6 rock piercers 7 rock moles 4 fog clouds 6 yellow lights 2 shriekers 6 violet fungi 22 gnome lords 12 gnomish wizards a kobold mummy 2 golden naga hatchlings a guardian naga hatchling 8 gray oozes a barrow wight 5 elf zombies 2 ghouls a straw golem 28 giant ants a little dog 6 floating eyes 26 dwarves 2 homunculi 6 kobold lords 4 kobold shamans 17 hill orcs 10 rothes 2 rabid rats 2 centipedes 6 giant bats 4 monkeys 2 dwarf zombies 5 wererats a werejackal 7 iguanas 41 killer bees an acid blob 3 coyotes a gas spore 8 hobbits 8 manes a large kobold 15 hobgoblins 9 giant rats 4 cave spiders 2 brown molds 2 yellow molds 2 red molds 64 gnomes 22 garter snakes a gnome zombie 12 geckos 21 jackals 5 foxes 6 kobolds 8 goblins 12 sewer rats 19 grid bugs 3 bats 13 lichens 5 kobold zombies 12 newts 826 creatures vanquished. Genocided species: gremlins golden nagas disenchanters 3 species genocided. Voluntary challenges: You had been an atheist until turn 4696. You used a wielded weapon 1855 times, starting on turn 3890. You read items or engraved 61 times, starting on turn 9197. You genocided 3 types of monsters, starting on turn 18941. You never polymorphed an object. You changed form 1 time, starting on turn 9765. You used no wishes. You never split a pudding. You wrote Elbereth's name 1 time, starting on turn 26182. You violated your moral code, losing 85 points of alignment, starting on turn 1414. Dungeon overview: The Dungeons of Doom: levels 1 to 23 Level 1 a long staircase Level 2 a general store, a fountain, a sink Level 3 Level 4 stairs to The Gnomish Mines Level 5 many fountains Level 6 a fountain stairs to Sokoban Level 7 Level 8 a potion shop Level 9 a scroll shop Level 10 a general store, a fountain Level 11 Level 12 a scroll shop, a fountain portal to The Quest Level 13 some fountains Level 14 a fountain Level 15 Level 16 a fountain Level 17 portal to Fort Ludios Level 18 Level 19 Level 20 a fountain Level 21 some fountains Level 22 Level 23 The Gnomish Mines: levels 5 to 12 Level 5 stairs to The Dungeons of Doom Level 6 Level 7 some shops, a temple to The Lady, some fountains, a sink Level 8 Level 9 (gelatinous cube) Level 10 Level 11 Level 12 a fountain The Quest: Level 1 portal to The Dungeons of Doom Sokoban: levels 2 to 5 Level 2 Level 3 Level 4 Level 5 stairs to The Dungeons of Doom Fort Ludios: Level 1 <- You were here portal to The Dungeons of Doom History has recorded: On T:1 you entered the Dungeons of Doom to retrieve the Amulet of Yendor! On T:245 you reached level 2 of The Dungeons of Doom. On T:563 you reached level 3 of The Dungeons of Doom. On T:565 you advanced to experience level 2. On T:814 you reached level 4 of The Dungeons of Doom. On T:1085 you reached level 5 of The Dungeons of Doom. On T:1225 you advanced to experience level 3. On T:1758 you reached level 6 of The Dungeons of Doom. On T:1833 you advanced to experience level 4. On T:2222 you reached level 4 of Sokoban. On T:2440 you advanced to experience level 5. On T:2577 you reached level 3 of Sokoban. On T:3081 you reached level 2 of Sokoban. On T:3405 you reached level 1 of Sokoban. On T:3874 you reached level 1 of The Gnomish Mines. On T:3935 you advanced to experience level 6. On T:4395 you reached level 2 of The Gnomish Mines. On T:4559 you reached level 3 of The Gnomish Mines. On T:4734 you advanced to experience level 7. On T:6983 you reached level 7 of The Dungeons of Doom. On T:7285 you reached level 8 of The Dungeons of Doom. On T:7422 you reached level 11 of The Dungeons of Doom. On T:7494 you advanced to experience level 8. On T:7644 you reached level 10 of The Dungeons of Doom. On T:7964 you reached level 9 of The Dungeons of Doom. On T:8717 you reached level 4 of The Gnomish Mines. On T:8771 you reached level 5 of The Gnomish Mines. On T:8831 you reached level 6 of The Gnomish Mines. On T:8941 you reached level 7 of The Gnomish Mines. On T:9249 you reached level 8 of The Gnomish Mines. On T:9719 you advanced to experience level 9. On T:13603 you reached level 12 of The Dungeons of Doom. On T:13751 you advanced to experience level 10. On T:13768 you reached level 1 of The Quest. On T:13982 you reached level 13 of The Dungeons of Doom. On T:14275 you reached level 14 of The Dungeons of Doom. On T:14581 you reached level 15 of The Dungeons of Doom. On T:14825 you reached level 16 of The Dungeons of Doom. On T:18135 you reached level 17 of The Dungeons of Doom. On T:19923 you advanced to experience level 11. On T:20011 you reached level 18 of The Dungeons of Doom. On T:20324 you reached level 19 of The Dungeons of Doom. On T:20897 you advanced to experience level 12. On T:22025 you reached level 20 of The Dungeons of Doom. On T:22452 you reached level 21 of The Dungeons of Doom. On T:23070 you reached level 22 of The Dungeons of Doom. On T:23517 you reached level 23 of The Dungeons of Doom. On T:24418 you reached Fort Ludios. Score breakdown: Gold: 404 ( 8869 points) Experience: 12 levels (18476 points) Exploration: 23 levels ( 51.11%) (21213 points) Discoveries: 44 items ( 14.77%) (11527 points) Valuables value: (no points given unless you survive) Artifact value: 0 ( 0 points) Variety of kills: 175 monsters ( 45.93%) (20331 points) Turncount: 26467 turns (-3816 points) Survival: died (score multiplied by 80%) Total score: 61280 Latest messages: Wait! That's a small mimic! You hit it. You kill the orc shaman! D - a balsa wand. There is nothing here to pick up. You hit it. (3x) The air elemental bumps right into you! You kill the small mimic! The air elemental engulfs you! You are pummeled with debris! You hit it. You are pummeled with debris! (2x) You hit it. You are pummeled with debris! (3x) You hit it. You are pummeled with debris! (3x) You hit it. You are pummeled with debris! You hit it. You are pummeled with debris! (2x) You die... Final status: Aloha Zazza the Tourist, killed by an air elemental... You died in Fort Ludios with 61280 points, and 1114 pieces of gold, after 26467 moves. You were level 12 with a maximum of 104 hit points when you died.